 Dungeon Crawl Stone Soup version 0.31.0 (webtiles) character file.

Game seed: 1702140390512888273

400 qw the Shooter (level 6, -2/39 HPs)
             Began as a Gargoyle Hunter on Jan 19, 2024.
             Incinerated by a bombardier beetle (6 damage)
             ... with a burning spray
             ... on level 5 of the Dungeon.
             The game lasted 00:00:09 (2591 turns).

qw the Shooter (Gargoyle Hunter)                    Turns: 2591, Time: 00:00:10

Health: -2/39      AC: 12    Str: 15    XL:     6   Next: 84%
Magic:  6/6        EV: 11    Int:  9    God:
Gold:   151        SH:  0    Dex: 15    Spells: 5/5 levels left

rFire   . . .        a - +0 shortbow (heavy)
rCold   . . .        (shield currently unavailable)
rNeg    + . .        l - +0 ring mail
rPois   inf          (no helmet)
rElec   +            (no cloak)
rCorr   +            m - +2 pair of gloves
SInv    .            (no boots)
Will    .....        (no amulet)
Stlth   +            d - ring of resist corrosion
HPRegen 0.26/turn    (no ring)
MPRegen 0.10/turn

%: no passive effects
@: on fire, glowing
A: sickness immunity, AC +4, negative energy resistance 1, electricity
resistance, torment resistance 1, petrification resistance
a: no special abilities


You were on level 5 of the Dungeon.
You visited 1 branch of the dungeon, and saw 4 of its levels.
You also visited: Sewer.

You collected 151 gold pieces.


Innate Abilities, Weirdness & Mutations

You are immune to sickness and miasma.
Your stone body is resilient. (AC +4)
You are immune to poison.
You resist negative energy. (rN+)
You are resistant to electric shocks. (rElec)
You are resistant to unholy torment.
You are immune to petrification.


   Skills:
 - Level 4.4 Fighting
 + Level 6.9 Ranged Weapons
 - Level 1.2 Armour
 - Level 1.5 Dodging
 - Level 1.1 Stealth


You had 5 spell levels left.
You didn't know any spells.
Your spell library was empty.

Inventory:

Hand Weapons
 a - a +0 heavy shortbow (weapon)
Armour
 l - a +0 ring mail (worn)
 m - a +2 pair of gloves (worn)
 q - a +0 pair of boots
Jewellery
 d - a ring of resist corrosion (left hand)
Scrolls
 k - 2 scrolls of teleportation
 n - a scroll of identify
 o - a scroll of brand weapon
 r - 2 scrolls of summoning {unknown}
Potions
 b - a potion of haste
 c - 4 potions of heal wounds
 e - a potion of cancellation {unknown}
 f - a potion of berserk rage {unknown}
 g - a potion of enlightenment {unknown}
 h - a potion of mutation {unknown}
 i - a potion of curing {unknown}
 j - a potion of ambrosia {unknown}
 p - a potion of experience {unknown}

Dungeon Overview and Level Annotations

Branches:
Dungeon (3/15)              Sewer (visited)

Altars:
Ru
Uskayaw


Message History

The shadow imp gestures at you. Pain shoots through your body!
The hound bites you but does no damage.
You shoot an arrow. The arrow hits the shadow imp!
You kill the shadow imp!
The hound closely misses you. x2
You shoot an arrow. The arrow hits the hound.
The hound is moderately wounded.
The hound bites you. The hound barely misses you. The hound closely misses you.
You shoot an arrow. The arrow hits the hound!
You kill the hound!
You start resting.
A bombardier beetle comes into view.
You shoot an arrow.
The arrow closely misses the bombardier beetle.
The bombardier beetle bites you but does no damage.
You shoot an arrow.
The arrow hits the bombardier beetle but does no damage.
The bombardier beetle sprays incendiary fluid at you.
The burning spray hits you.
You are covered in liquid fire!
You shoot an arrow. The arrow hits the bombardier beetle!
The bombardier beetle is heavily wounded.
The liquid fire burns you!
The bombardier beetle completely misses you.
You shoot an arrow. The arrow hits the bombardier beetle.
The bombardier beetle is severely wounded.
The liquid fire burns you! The bombardier beetle misses you.
You shoot an arrow. The arrow hits the bombardier beetle!
You kill the bombardier beetle!
The liquid fire burns you!
You are on fire!
The liquid fire burns you!
You are on fire!
The liquid fire burns you!
You are on fire!
The liquid fire burns you!
You are on fire!
The liquid fire burns you!
You die...

##. #.. ..
.. ####.
###....
......%##
#%@##
####..##
##.###..##
#....##..##
#.....##..##
#.......#..#
#........#.#
#.......?###
#........#


There were no monsters in sight!

Vanquished Creatures
  2 brain worms (Sewer)
  2 bombardier beetles
  A hound (D:5)
  7 adders
  5 river rats
  A shadow imp (D:5)
  4 endoplasms
  3 giant cockroaches
  10 goblins
  4 hobgoblins
  9 jackals
  4 kobolds
  2 quokkas
  4 ball pythons
  5 bats
  7 frilled lizards
  5 rats
75 creatures vanquished.

Notes
Turn   | Place    | Note
-------+----------+-------------------------------------------
     0 | D:1      | qw the Gargoyle Hunter began the quest for the Orb.
     0 | D:1      | Reached XP level 1. HP: 12/12 MP: 1/1
     0 | D:1      | 0 ||| qw: Version: 0.3-a-132-g3d54051
     0 | D:1      | 0 ||| qw: Game counter: 8
     0 | D:1      | 0 ||| qw: Melee chars always use a shield: true
     0 | D:1      | 0 ||| qw: God list: Okawaru
     0 | D:1      | 0 ||| qw: Allow faded altars: false
     0 | D:1      | 0 ||| qw: Do Orc after clearing Dungeon:15 true
     0 | D:1      | 0 ||| qw: Do second Lair branch before Depths: true
     0 | D:1      | 0 ||| qw: Lair rune preference: random
     0 | D:1      | 0 ||| qw: Goals: Normal
     0 | D:1      | 0 ||| PLANNING D:1-11
   120 | D:1      | Reached XP level 2. HP: 17/17 MP: 2/2
   411 | D:1      | Reached XP level 3. HP: 21/21 MP: 3/3
   419 | D:1      | Reached skill level 5 in Ranged Weapons
   637 | D:1      | Found a faded altar of an unknown god.
   641 | D:1      | 641 ||| UPGRADING to +0 ring mail.
   651 | D:1      | 651 ||| DROPPING +0 leather armour.
   652 | D:1      | 652 ||| UPGRADING to ring of resist corrosion.
   653 | D:1      | 653 ||| READING scroll labelled VUGROR SOSU.
   654 | D:1      | 654 ||| READING scroll labelled ZYIRRI QULUTWU.
   654 | D:1      | 654 ||| IDENTIFYING black potion
   655 | D:1      | 655 ||| READING scroll labelled JURIH UL RAED.
   655 | D:1      | 655 ||| BRANDING +0 shortbow.
   656 | D:1      | 656 ||| READING scroll labelled CIFONO HUVU.
   659 | D:1      | 659 ||| DROPPING scroll of butterflies.
   660 | D:1      | 660 ||| DROPPING potion of attraction.
   858 | D:2      | Found a hide-covered altar of Uskayaw.
   872 | D:2      | Reached skill level 1 in Armour
   945 | D:2      | 945 ||| FLEEEEING.
  1266 | D:2      | Reached skill level 3 in Fighting
  1266 | D:2      | Reached XP level 4. HP: 28/28 MP: 4/4
  1557 | D:2      | 1557 ||| DROPPING ring of wizardry.
  1558 | D:2      | 1558 ||| READING scroll labelled VYKHLALYJAA.
  1559 | D:2      | 1559 ||| READING scroll labelled YRA FYMPIDUKY.
  1560 | D:2      | 1560 ||| READING scroll labelled AGHIUSS REOMU.
  1572 | D:3      | 1572 ||| PLANNING SEWER
  1644 | D:3      | 1644 ||| FLEEEEING.
  1654 | D:3      | 1654 ||| STAIRDANCE
  1705 | D:2      | 1705 ||| UPGRADING to +2 pair of gloves.
  1740 | D:3      | 1740 ||| FLEEEEING.
  1760 | D:3      | Found a glowing drain.
  1771 | Sewer    | Entered a sewer
  1796 | Sewer    | Reached XP level 5. HP: 26/32 MP: 5/5
  1867 | Sewer    | Reached skill level 6 in Ranged Weapons
  1957 | Sewer    | Reached XP level 6. HP: 34/39 MP: 4/6
  2077 | Sewer    | 2077 ||| READING scroll labelled AHOEZUN PUGOYNKO.
  2077 | Sewer    | 2077 ||| ENCHANTING +0 heavy shortbow.
  2078 | Sewer    | 2078 ||| DRINKING 2 clear potions.
  2079 | Sewer    | 2079 ||| DRINKING 3 metallic grey potions.
  2125 | D:3      | 2125 ||| PLANNING D:1-11
  2210 | D:3      | Found a sacrificial altar of Ru.
  2545 | D:3      | You fall into a shaft and drop 2 floors!
  2545 | D:5      | Entered Level 5 of the Dungeon
  2589 | D:5      | HP: 8/39 [burnt (4)]
  2591 | D:5      | Incinerated by a bombardier beetle

Levels and vault maps discovered:
D:1:      matt_arrival_grand_opening, layout_basic,
          shapermc_ecumenical_altar_hornbeckon, minmay_misc_feat_five,
          reono_crystal_passage, st_stairs_14
D:2:      layout_basic, basic_altar, minmay_misc_feat_nine_boxes
D:3:      layout_basic, nicolae_ru_awakened_eye, portal_sewer_entry_a
D:5:      layout_cave_pods, nicolae_qazlal_beasts_of_the_sky,
          yredelemnul_forgotten_temple_becter, uniq_duvessa

Skill      XL: |  1  2  3  4  5 |
---------------+----------------+-----
Ranged Weapons | 5 6 |  6.9
Armour         | 1 |  1.2
Fighting       | 3 4 |  4.4
Dodging        | |  1.5
Stealth        | |  1.1

Action                     |  1- 3 |  4- 6 || total
---------------------------+-------+-------++-------
   Fire: Shortbow          |    91 |   105 ||   196
    Use: Scroll            |     4 |     4 ||     8
         Potion            |       |     2 ||     2
 Armour: Leather armour    |    17 |       ||    17
         Ring mail         |    10 |    49 ||    59
  Dodge: Dodged            |    10 |    51 ||    61

Table legend:
 A = Non-vault XP
 B = Vault XP
 C = Vault XP percentage of total XP
 D = Non-vault monster count
 E = Vault monster count
 F = Vault count percentage of total count
                 A         B        C        D         E       F
            +---------+---------+-------+---------+---------+-------
      Total |     255 |     317 |  55.4 |      53 |      22 |  29.3
            +---------+---------+-------+---------+---------+-------
        D:1 |      46 |       1 |   2.1 |      27 |       1 |   3.6
        D:2 |      43 |       0 |   0.0 |      11 |       0 |   0.0
        D:3 |      73 |      57 |  43.8 |      12 |       6 |  33.3
        D:5 |      93 |       0 |   0.0 |       3 |       0 |   0.0
      Sewer |       0 |     259 | 100.0 |       0 |      15 | 100.0
            +---------+---------+-------+---------+---------+-------
